Map: Triton LE

Players

AGOElazer (Elazer)

  • Race: Zerg Zerg
  • League: Master
  • Spawn Location: 5:00

Cure - Winner!

  • Race: Terran Terran
  • League: Master
  • Spawn Location: 11:00

Event: HomeStory Cup XX

VOD

Have the link to the VOD?

Description

Time

  • Played on: Nov. 21, 2019, 5:13 a.m.
  • Length: 19:40

All games in this series

Show
View Real Time Build Order
Export as new Build Order

AGOElazer Zerg 

Build Orders: Hatch First 

Get SALT Encoding   

  12  0:00  Drone  
  13  0:12  Overlord  
  13  0:17  Drone  
  14  0:30  Drone x2  
  16  0:48  Hatchery  
  15  0:50  Drone  
  15  0:54  Drone  
  17  0:57  Drone  
  18  1:07  Extractor  
  17  1:12  Spawning Pool  
  17  1:15  Drone  
  17  1:19  Drone  
  18  1:27  Drone  
  19  1:39  Drone  
  20  1:49  Drone  
  21  1:59  Queen  
  21  2:00  Zergling x4, Queen  
  27  2:14  Hatchery  
  26  2:18  Overlord  
  26  2:21  Drone  
  27  2:23  Drone  
  28  2:36  Drone x3  
  30  2:40  Queen  
  30  2:44  Metabolic Boost  
  32  2:49  Overlord  
  32  2:52  Drone  
  32  2:55  Drone  
  32  2:57  Drone  
  34  3:07  Spore Crawler  
  34  3:09  Zergling x4  
  34  3:11  Drone x3  
  38  3:23  Drone x2  
  38  3:24  Queen  
  42  3:28  Overlord  
  42  3:30  Drone x2  
  44  3:36  Queen  
  44  3:38  Drone x2  
  44  3:40  Drone  
  49  3:47  Drone  
  50  3:49  Drone  
  50  3:50  Drone  
  50  3:53  Drone x3  
  50  3:55  Drone x2  
  57  4:04  Overlord  
  57  4:08  Overlord  
  57  4:10  Extractor  
  57  4:11  Extractor, Queen  
  57  4:12  Extractor x2  
  57  4:14  Drone x3  
  62  4:18  Overlord  
  62  4:19  Evolution Chamber  
  62  4:20  Evolution Chamber  
  60  4:25  Drone x6  
  60  4:31  Drone x4  
  67  4:33  Drone  
  67  4:36  Drone x2  
  73  4:42  Extractor  
  73  4:43  Hatchery  
  73  4:44  Extractor  
  70  4:46  Zerg Ground Armor Level 1  
  70  4:50  Drone x4  
  76  4:52  Drone x2  
  76  4:54  Extractor  
  76  4:56  Zerg Melee Weapons Level 1  
  76  4:57  Overlord  
  75  5:00  Queen  
  75  5:02  Zergling x4  
  75  5:04  Zergling x4  
  81  5:07  Zergling x2  
  81  5:10  Overlord  
  82  5:16  Zergling x4  
  82  5:17  Zergling x6, Lair  
  87  5:22  Zergling x6  
  87  5:26  Overlord  
  90  5:29  Baneling Nest, Overlord  
  90  5:34  Overlord  
  89  5:41  Overlord  
  89  5:42  Spore Crawler  
  84  5:43  Spore Crawler  
  84  5:44  Drone x3  
  84  5:47  Drone x2  
  84  5:48  Spore Crawler  
  87  5:51  Queen x2  
  87  5:53  Zergling x6  
  93  5:57  Zergling x2  
  93  5:58  Zergling x4  
  96  6:04  Zergling x6  
  96  6:06  Spore Crawler  
  96  6:11  Extractor  
  93  6:19  Drone x10  
  93  6:21  Extractor  
  93  6:25  Drone, Spire  
  97  6:30  Drone x3  
  100  6:33  Drone  
  100  6:36  Spore Crawler, Drone  
  101  6:40  Drone x2  
  101  6:42  Spore Crawler  
  101  6:43  Spore Crawler  
  101  6:44  Drone  
  101  6:45  Queen x2  
  105  6:47  Drone  
  105  6:50  Drone  
  105  6:51  Overlord  
  107  6:58  Overlord  
  107  7:01  Drone x2  
  107  7:02  Drone x5, Roach Warren  
  107  7:07  Zerg Missile Weapons Level 1, Zerg Melee Weapons Level 2  
  113  7:12  Overlord  
  113  7:13  Overlord  
  113  7:14  Zergling x10  
  118  7:22  Overlord  
  118  7:23  Drone x5  
  119  7:33  Drone x3  
  121  7:37  Extractor x2, Corruptor x3  
  121  7:39  Corruptor x2  
  121  7:42  Corruptor  
  131  7:48  Corruptor x3  
  137  7:54  Drone x4, Evolution Chamber  
  137  8:06  Drone x8  
  137  8:07  Drone  
  146  8:13  Zerg Flyer Weapons Level 1  
  146  8:15  Corruptor x2  
  146  8:17  Hatchery  
  146  8:18  Overlord  
  146  8:19  Overlord  
  149  8:21  Overlord  
  149  8:22  Roach x2  
  149  8:23  Glial Reconstitution  
  153  8:32  Roach x3  
  159  8:37  Overlord  
  159  8:38  Centrifical Hooks  
  159  8:45  Roach  
  159  8:46  Roach x8  
  176  8:53  Overlord  
  176  8:55  Drone x6  
  179  8:57  Extractor, Infestation Pit  
  175  9:09  Zerg Missile Weapons Level 2  
  174  9:10  Overlord  
  174  9:11  Drone x3  
  174  9:14  Extractor  
  176  9:17  Ravager x3  
  176  9:20  Zergling x16  
  187  9:26  Zerg Ground Armor Level 2  
  187  9:33  Hatchery  
  187  9:37  Zergling x2, Spine Crawler  
  187  9:38  Zergling x10  
  191  9:40  Hive  
  191  9:41  Zergling x2  
  191  9:42  Zergling x16  
  191  9:45  Hatchery  
  181  10:15  Corruptor x2  
  181  10:16  Corruptor x3  
  181  10:22  Roach x6  
  181  10:23  Zergling x16  
  199  10:32  Spine Crawler  
  199  10:34  Zergling x26  
  197  10:43  Baneling x2  
  197  10:44  Baneling x6  
  197  10:45  Ravager  
  197  10:46  Zergling x4  
  200  10:51  Baneling  
  200  10:52  Baneling x9  
  200  10:53  Baneling x17  
  200  11:03  Zergling x16  
  200  11:04  Zergling x4  
  199  11:12  Overlord  
  187  11:39  Zergling x40  
  161  11:47  Adrenal Glands  
  161  11:48  Zerg Melee Weapons Level 3, Zerg Missile Weapons Level 3  
  148  11:57  Extractor x2, Corruptor x2  
  148  11:58  Extractor  
  148  11:59  Drone x5  
  150  12:03  Ravager x3  
  150  12:05  Greater Spire  
  150  12:07  Spire  
  150  12:08  Corruptor x2  
  149  12:10  Roach x2  
  149  12:15  Hatchery  
  152  12:20  Drone x3  
  152  12:21  Drone x3  
  158  12:26  Roach x7  
  172  12:35  Ravager x2  
  172  12:36  Baneling x14  
  174  12:38  Zergling x12  
  174  12:40  Hatchery  
  174  12:54  Zergling x22  
  176  13:02  Drone x6  
  176  13:03  Drone  
  178  13:09  Baneling x13  
  178  13:12  Baneling x12  
  178  13:13  Zergling x8  
  178  13:18  Zerg Flyer Armor Level 1  
  182  13:20  Zergling x16  
  180  13:33  Zergling x10  
  167  13:40  Queen  
  155  13:42  Queen  
  155  13:43  Roach x5  
  155  13:44  Roach  
  155  13:45  Roach x4  
  176  13:50  Zergling x2, Baneling x18  
  176  13:51  Zergling x8  
  181  14:04  Zergling x22  
  181  14:06  Ravager x2  
  181  14:07  Ravager x3  
  181  14:09  Zergling x8  
  197  14:22  Zergling x6  
  170  14:32  Zergling x24  
  170  14:36  Zergling x4  
  152  14:41  Roach  
  152  14:42  Roach x5  
  161  14:47  Roach x2  
  160  14:56  Roach x8  
  160  14:59  Zerg Flyer Weapons Level 2  
  173  15:00  Corruptor  
  173  15:01  Hatchery, Corruptor  
  173  15:04  Baneling x3  
  176  15:09  Roach x6  
  176  15:10  Ravager  
  189  15:22  Zergling x12  
  189  15:26  Zergling x2  
  189  15:27  Zergling x4  
  182  15:35  Zergling x8  
  182  15:36  Zergling x2  
  185  15:44  Drone x4  
  185  15:46  Ravager x2  
  185  15:47  Drone x3  
  184  16:04  Zergling x18  
  189  16:07  Extractor  
  174  16:20  Zergling x18  
  157  16:26  Drone x3  
  157  16:31  Drone x3  
  162  16:37  Drone x3  
  163  16:40  Drone x2  
  163  16:44  Drone x3  
  163  16:46  Drone  
  169  16:52  Drone x2  
  166  16:54  Drone  
  166  16:56  Drone x2  
  166  17:01  Drone x3  
  157  17:20  Corruptor x6  
  169  17:29  Brood Lord x2  
  148  17:40  Brood Lord  
  146  17:50  Brood Lord x4  
  147  18:04  Brood Lord x2  
  150  18:08  Corruptor  
  142  18:19  Corruptor  
  119  18:49  Hatchery  
  118  19:07  Corruptor x2  
  122  19:14  Ravager x2  
  122  19:16  Ravager  
Show
View Real Time Build Order
Export as new Build Order

Cure Terran - Winner!

Build Orders: Reaper Expand, Mech 

Get SALT Encoding   

  12  0:00  SCV  
  13  0:12  SCV  
  14  0:17  Supply Depot  
  14  0:24  SCV  
  15  0:38  SCV  
  15  0:40  Barracks  
  15  0:42  Refinery  
  16  0:50  SCV  
  17  1:02  SCV  
  18  1:15  SCV  
  19  1:27  Orbital Command, Reaper  
  20  1:38  Command Center  
  20  1:48  Supply Depot  
  20  1:53  SCV  
  21  1:59  Reaper  
  22  2:05  SCV  
  23  2:17  SCV  
  23  2:21  Factory  
  24  2:29  SCV  
  25  2:39  Barracks Reactor  
  25  2:42  Command Center, SCV  
  26  2:51  Orbital Command  
  26  2:52  Refinery  
  26  2:54  SCV  
  27  3:04  Refinery  
  27  3:07  SCV  
  28  3:16  Starport  
  28  3:19  SCV  
  30  3:20  SCV  
  30  3:23  Hellion  
  30  3:26  Hellion  
  34  3:28  Marine  
  34  3:31  SCV  
  34  3:32  SCV  
  37  3:43  SCV  
  37  3:44  SCV  
  37  3:46  Marine  
  40  3:52  Fusion Core  
  40  3:55  Orbital Command, SCV  
  41  3:56  SCV  
  41  4:01  Hellion x2  
  46  4:03  Starport Tech Lab  
  46  4:07  SCV  
  46  4:08  SCV  
  48  4:17  Supply Depot  
  48  4:19  SCV  
  48  4:20  SCV  
  48  4:22  Refinery, Orbital Command  
  49  4:31  SCV  
  49  4:33  SCV  
  51  4:39  Battlecruiser  
  51  4:40  Hellion x2, Supply Depot  
  51  4:43  SCV  
  51  4:45  SCV  
  63  4:47  Weapon Refit  
  63  4:49  SCV  
  64  4:56  SCV  
  64  4:57  SCV  
  66  5:00  Supply Depot  
  66  5:01  SCV  
  66  5:02  Hellion x2  
  66  5:05  Supply Depot  
  71  5:08  SCV  
  71  5:09  SCV  
  71  5:13  SCV  
  74  5:17  Factory x2  
  74  5:22  SCV  
  74  5:23  Supply Depot, SCV  
  74  5:25  SCV  
  81  5:35  Supply Depot, SCV x2  
  82  5:36  Supply Depot  
  79  5:43  Battlecruiser  
  79  5:48  Hellion x2  
  88  5:50  SCV x2  
  88  5:52  SCV  
  90  6:02  SCV x2  
  92  6:04  Factory Tech Lab x2, SCV  
  92  6:09  Hellion  
  92  6:10  Hellion  
  97  6:12  Armory  
  97  6:16  Armory  
  96  6:21  SCV x3  
  96  6:24  Refinery  
  96  6:25  Refinery  
  85  6:26  Hellion x2  
  85  6:30  Supply Depot  
  85  6:32  Supply Depot  
  89  6:33  Hellion, SCV  
  89  6:34  Hellion  
  89  6:38  SCV x2  
  96  6:45  SCV  
  97  6:47  Siege Tank x2  
  103  7:00  SCV  
  103  7:01  Command Center, SCV x2  
  106  7:03  Terran Vehicle Weapons Level 1  
  106  7:04  Terran Vehicle And Ship Armor Level 1  
  106  7:05  Supply Depot  
  106  7:15  Factory  
  106  7:16  Factory  
  106  7:17  Battlecruiser  
  100  7:30  SCV x3  
  100  7:32  Siege Tank x2  
  100  7:33  Hellion  
  100  7:34  Hellion  
  109  7:38  Engineering Bay  
  109  7:40  Supply Depot  
  109  7:42  SCV x2  
  109  7:43  SCV  
  112  7:48  Refinery  
  112  7:54  SCV  
  112  7:55  Refinery, SCV x2  
  115  7:59  Hellion  
  115  8:00  Hellion  
  115  8:04  Siege Tank x2  
  125  8:06  SCV  
  125  8:07  SCV x2  
  125  8:11  Factory Tech Lab, Factory Reactor  
  128  8:15  Planetary Fortress, Factory  
  128  8:16  Factory  
  128  8:17  Factory  
  128  8:23  Missile Turret  
  128  8:24  Missile Turret  
  128  8:25  SCV x3  
  131  8:34  Siege Tank  
  131  8:35  Hellion x2  
  131  8:36  Smart Servos, Infernal Pre-Igniter  
  131  8:41  Missile Turret  
  138  8:49  Supply Depot  
  138  8:51  Supply Depot, Thor  
  143  8:57  Thor  
  143  9:02  Terran Vehicle Weapons Level 2  
  149  9:04  Barracks  
  149  9:05  Factory Tech Lab x2  
  149  9:07  Factory Reactor  
  149  9:08  Hellion x4  
  153  9:17  Siege Tank x2  
  153  9:20  Command Center  
  159  9:27  Thor  
  165  9:31  Hellion  
  165  9:32  Hellion x3  
  165  9:34  Siege Tank  
  165  9:35  Supply Depot  
  165  9:36  Supply Depot  
  176  9:44  Terran Vehicle And Ship Armor Level 2  
  176  9:49  Siege Tank  
  179  10:01  Siege Tank  
  179  10:02  Siege Tank  
  179  10:03  Hellion x4  
  179  10:06  Siege Tank  
  194  10:15  Hellion  
  195  10:31  Siege Tank  
  195  10:32  Hellion, Siege Tank  
  197  10:37  Hellion  
  191  10:44  Thor  
  191  10:48  Refinery  
  195  10:50  Command Center  
  195  10:54  Refinery, Command Center x2  
  195  10:58  Thor  
  195  11:00  Command Center  
  190  11:06  Starport Reactor  
  190  11:08  Starport  
  190  11:09  Fusion Core  
  190  11:14  Thor  
  196  11:28  Orbital Command  
  191  11:34  Thor x2  
  191  11:35  Hellion  
  191  11:36  Hellion  
  169  11:41  Hellion x2  
  164  11:48  Siege Tank  
  164  11:49  Hellion x2, Starport Reactor, Siege Tank  
  164  11:53  Advanced Ballistics  
  162  12:03  Thor  
  168  12:12  Orbital Command  
  168  12:13  Orbital Command  
  168  12:17  Siege Tank  
  168  12:19  Siege Tank  
  168  12:20  Planetary Fortress  
  174  12:27  Liberator  
  174  12:29  Liberator, Terran Vehicle Weapons Level 3  
  174  12:34  Terran Vehicle And Ship Armor Level 3  
  174  12:41  Thor  
  179  13:01  SCV x4  
  179  13:02  Orbital Command, SCV x2  
  179  13:03  Hellion x3  
  175  13:13  SCV x2  
  175  13:18  Hellion x3  
  181  13:22  SCV x3  
  182  13:31  Hellion, Siege Tank x2  
  182  13:32  Hellion  
  179  13:34  SCV x2  
  179  13:35  SCV  
  179  13:37  SCV  
  179  13:41  Missile Turret  
  174  13:42  Missile Turret  
  174  13:43  Missile Turret  
  174  13:44  Missile Turret  
  174  13:45  Hellion, Siege Tank  
  174  13:46  Hellion x3, SCV x2  
  174  13:47  Siege Tank  
  189  14:08  Siege Tank  
  189  14:09  Hellion x2, Siege Tank  
  197  14:23  Siege Tank x3  
  175  14:33  Orbital Command  
  141  14:38  Hellion  
  141  14:39  Hellion x2  
  141  14:40  Siege Tank  
  141  14:41  Siege Tank  
  145  14:46  Hellion x3  
  145  14:51  SCV x3  
  145  14:52  SCV  
  131  14:55  Siege Tank x3  
  131  14:59  SCV  
  142  15:00  Hellion x2  
  142  15:03  SCV x3  
  147  15:11  Hellion  
  147  15:12  Hellion x3, Thor  
  147  15:13  Siege Tank  
  164  15:15  Missile Turret  
  166  15:21  Hellion  
  160  15:31  Siege Tank x2  
  160  15:32  Hellion x2  
  160  15:33  Hellion x2  
  162  15:36  SCV x2  
  162  15:37  SCV x2  
  166  15:46  Supply Depot  
  166  15:47  Supply Depot  
  163  15:56  Command Center  
  159  15:59  Siege Tank x2  
  159  16:02  Hellion, Siege Tank  
  159  16:03  Siege Tank  
  169  16:14  Command Center  
  169  16:15  Siege Tank  
  169  16:16  Hellion x2  
  175  16:24  SCV x2  
  175  16:25  Sensor Tower, SCV  
  175  16:30  Hellion x2  
  175  16:31  Viking, Siege Tank  
  178  16:41  Supply Depot  
  178  16:42  Command Center  
  178  16:45  Viking  
  174  16:59  Siege Tank  
  174  17:01  Hellion, Siege Tank  
  170  17:03  Viking  
  172  17:09  Thor  
  178  17:18  Thor  
  184  17:36  Command Center  
  178  17:42  Thor  
  182  17:49  Viking x2  
  186  17:56  Viking x2  
  190  18:03  Hellion x2  
  185  18:19  Viking x2  
  189  18:20  Thor  
  195  18:32  Thor  
  195  18:36  Viking  
  192  18:47  Viking  
  182  18:52  Refinery  
  182  18:54  Refinery  
  182  18:57  Orbital Command  
  182  18:58  Planetary Fortress  
  182  19:09  Viking  
Tags
 
Add a new tag
Caveats
  • Supply blocks, unpowered buildings, or Contaminate may cause inaccurate times.
  • Supply counts are checked every 10 seconds.